[Event "Sandnes klubbmesterskap 2017"]
[Site "Ganddal Bydelshus"]
[Date "2017.01.31"]
[Round "5"]
[White "Hjørnevik, Knut Jarle"]
[Black "Imhof, David"]
[Result "1-0"]
[WhiteElo "1920"]
[BlackElo "1751"]
[ECO "A45"]
[Opening "Indian"]
[Variation "2.Bf4"]
[TimeControl "300"]
[Termination "normal"]
[PlyCount "99"]
[WhiteType "human"]
[BlackType "human"]

1. d4 Nf6 2. Bf4 g6 3. Nc3 d5 4. e3 c6 5. Nf3 Nh5 6. Be5 f6 7. Bg3 Nxg3 8.
hxg3 Bg4 9. Qd3 Bg7 10. Rxh7 Bf5 11. Rxh8+ Bxh8 12. Qd2 e5 13. O-O-O Nd7
14. Nh4 Qc7 15. Nxf5 gxf5 16. Bd3 e4 17. Rh1 O-O-O 18. Bf1 Qd6 19. Ne2 Rg8
20. Nf4 Nf8 21. Rh5 Qd7 22. Qb4 Bg7 23. c4 Ne6 24. cxd5 cxd5 25. Kd2 Bf8
26. Qb3 Nxf4 27. gxf4 Kb8 28. g3 Bd6 29. a3 Rc8 30. Bh3 Qc7 31. Qd1 Qa5+
32. b4 Qxa3 33. Qb1 Qc3+ 34. Ke2 Bxb4 35. Kf1 Qd2 36. Kg2 Rc2 37. Rh8+ Kc7
38. Bxf5 Qxf2+ 39. Kh3 Qg2+ 40. Kh4 Rb2 41. Qc1+ Kb6 42. Qc8 Rc2 43. Qe6+
Rc6 44. Qxd5 Qh2+ 45. Bh3 Be1 46. Qb3+ Ka6 47. Kg4 Qxg3+ 48. Kf5 Qg7 49.
Bf1+ Ka5 50. Qb5#
1-0

[Event "Sandnes klubbmesterskap 2017"]
[Site "Ganddal Bydelshus"]
[Date "2017.01.31"]
[Round "5"]
[White "Snerthammer, Daniel"]
[Black "Hegvik, Leif Trygve"]
[Result "0-1"]
[BlackElo "1916"]
[ECO "A36"]
[Opening "English"]
[Variation "Symmetrical, 5.e3 e6 6.Nge2 Nge7"]
[WhiteElo "1889"]
[TimeControl "300"]
[Termination "normal"]
[PlyCount "140"]
[WhiteType "human"]
[BlackType "human"]

1. c4 c5 2. g3 Nc6 3. Bg2 g6 4. Nc3 Bg7 5. e3 e6 6. Nge2 Nge7 7. O-O d5 8.
cxd5 exd5 9. d4 cxd4 10. Nxd4 Nxd4 11. exd4 h6 12. Re1 O-O 13. Bf4 Be6 14.
Be5 Nc6 15. Bxg7 Kxg7 16. Rc1 Rc8 17. Ne2 Qb6 18. b3 Rfd8 19. Rc5 Kh7 20.
Nf4 Nxd4 21. Rxc8 Rxc8 22. Nxd5 Bxd5 23. Bxd5 Qf6 24. Re4 Nf3+ 25. Kg2 Ng5
26. Rf4 Qe7 27. h4 Ne6 28. Bxe6 Qxe6 29. Qf3 Rc7 30. Rf6 Qe7 31. h5 Kg7 32.
Rf4 g5 33. Re4 Qf6 34. Qe3 b6 35. Re8 Rc2 36. a4 Rc3 37. Qe5 Qxe5 38. Rxe5
Rxb3 39. Re7 a5 40. Rb7 Rb4 41. Kf3 g4+ 42. Ke3 Kf6 43. Rd7 Rxa4 44. Rd6+
Kg5 45. Rxb6 Kxh5 46. Rf6 Ra3+ 47. Ke2 Rf3 48. Ra6 Rf5 49. Ra8 Kg5 50. Rg8+
Kh5 51. Ra8 Rb5 52. Ke3 Kg5 53. Rg8+ Kf5 54. Rh8 Ke5 55. Rxh6 Rb3+ 56. Ke2
a4 57. Ra6 a3 58. Ra4 f5 59. Ra5+ Kd4 60. Rxf5 Kc3 61. f3 gxf3+ 62. Kxf3
Kb2+ 63. Kf4 a2 64. Ra5 Ra3 65. Rb5+ Kc3 66. Rc5+ Kd2 67. Rd5+ Ke2 68. Re5+
Kf2 69. g4 a1=Q 70. g5 Rf3+ 0-1

[Event "Sandnes klubbmesterskap 2017"]
[Site "Ganddal Bydelshus"]
[Date "2017.01.31"]
[Round "5"]
[White "Shehzad, Shazil"]
[Black "Økland, Sveinung"]
[Result "1/2-1/2"]
[WhiteElo "1783"]
[BlackElo "1847"]
[ECO "B01"]
[Opening "Scandinavian"]
[Variation "Schiller, 4.d4 Nf6"]
[TimeControl "300"]
[Termination "normal"]
[PlyCount "48"]
[WhiteType "human"]
[BlackType "human"]

1. e4 d5 2. exd5 Qxd5 3. Nc3 Qd6 4. d4 Nf6 5. Nf3 c6 6. g3 Bf5 7. Bg2 h6 8.
O-O e6 9. Bf4 Qd8 10. Re1 Be7 11. h3 O-O 12. Qd2 Nbd7 13. g4 Bh7 14. Rad1
Nd5 15. Nxd5 exd5 16. c3 Be4 17. Ne5 Bxg2 18. Kxg2 Re8 19. Qd3 Nxe5 20.
Bxe5 Qd7 21. Re2 Bf8 22. Rde1 f6 23. Bg3 Rxe2 24. Qxe2 Kf7
1/2-1/2

[Event "Sandnes klubbmesterskap 2017"]
[Site "Ganddal Bydelshus"]
[Date "2017.01.31"]
[Round "6"]
[White "Økland, Sveinung"]
[Black "Imhof, David"]
[Result "1-0"]
[WhiteElo "1847"]
[BlackElo "1751"]
[ECO "B10"]
[Opening "Caro-Kann"]
[Variation "Breyer, 3.Nd2 e5"]
[TimeControl "300"]
[Termination "normal"]
[PlyCount "73"]
[WhiteType "human"]
[BlackType "human"]

1. e4 c6 2. d3 d5 3. Nd2 e5 4. g3 Bd6 5. Bg2 Ne7 6. Ngf3 O-O 7. O-O f5 8.
c3 Nd7 9. a3 Nf6 10. Qc2 b6 11. b4 Kh8 12. Bb2 Be6 13. Rfe1 Qc7 14. c4 fxe4
15. dxe4 dxe4 16. Nxe4 Nxe4 17. Qxe4 Bf5 18. Qe3 Rae8 19. Nh4 c5 20. b5 Be6
21. Qc3 Ng8 22. Rad1 Qe7 23. f4 Bg4 24. Rd3 Qf6 25. Qd2 Bb8 26. Bc6 Rd8 27.
Bd5 Ne7 28. fxe5 Qh6 29. Qxh6 gxh6 30. Kg2 Rde8 31. h3 Nxd5 32. cxd5 Bh5
33. g4 Bg6 34. Nxg6+ hxg6 35. e6+ Kg8 36. d6 c4 37. Rdd1 
1-0

[Event "Sandnes klubbmesterskap 2017"]
[Site "Ganddal Bydelshus"]
[Date "2017.01.31"]
[Round "6"]
[White "Snerthammer, Daniel"]
[Black "Skrede, Snorre"]
[Result "0-1"]
[WhiteElo "1889"]
[BlackElo "1915"]
[ECO "C43"]
[Opening "Russian Game"]
[Variation "Modern Attack, 3...Nxe4 4.Bd3 d5 5.Nxe5 Nd7"]
[TimeControl "300"]
[Termination "normal"]
[PlyCount "100"]
[WhiteType "human"]
[BlackType "human"]

1. e4 e5 2. Nf3 Nf6 3. d4 Nxe4 4. Bd3 d5 5. Nxe5 Nd7 6. Nc3 Nxe5 7. dxe5
Nxc3 8. bxc3 Be7 9. Qh5 g6 10. Qf3 O-O 11. O-O f6 12. Bh6 Rf7 13. Qg3 f5
14. c4 c5 15. cxd5 Qxd5 16. Rfd1 Qc6 17. f4 c4 18. Be2 Be6 19. Bf3 Qc5+ 20.
Kh1 Rb8 21. h4 Bf8 22. Bg5 Be7 23. Bh6 Bf8 24. Bxf8 Qxf8 25. Rd6 Re7 26.
Rad1 Kh8 27. Qg5 Rbe8 28. c3 Qf7 29. h5 Kg7 30. h6+ Kf8 31. R1d4 a6 32. Bd1
Rd7 33. Ba4 b5 34. Bd1 Qe7 35. Qxe7+ Kxe7 36. Rxa6 Rxd4 37. cxd4 Rd8 38.
Ra7+ Rd7 39. Rxd7+ Kxd7 40. Kg1 b4 41. Ba4+ Ke7 42. Bc2 c3 43. g4 Kf8 44.
d5 Bxd5 45. gxf5 gxf5 46. Bxf5 Bxa2 47. Bxh7 b3 48. Kf2 c2 49. Bxc2 bxc2
50. h7 Kg7 
0-1

[Event "Sandnes klubbmesterskap 2017"]
[Site "Ganddal Bydelshus"]
[Date "2017.01.31"]
[Round "6"]
[White "Øverås, Vegard"]
[Black "Hjørnevik, Knut Jarle"]
[Result "0-1"]
[WhiteElo "1886"]
[BlackElo "1920"]
[ECO "B34"]
[Opening "Sicilian"]
[Variation "Accelerated Fianchetto, Modern, 6.Be3 Nf6 7.Be2 O-O"]
[TimeControl "300"]
[Termination "normal"]
[PlyCount "46"]
[WhiteType "human"]
[BlackType "human"]

1. e4 c5 2. Nf3 Nc6 3. d4 cxd4 4. Nxd4 g6 5. Nc3 Bg7 6. Be3 Nf6 7. Be2 O-O
8. Qd2 d5 9. Nxc6 bxc6 10. Rd1 Qa5 11. exd5 cxd5 12. Bd4 e6 13. O-O Nd7 14.
Bxg7 Kxg7 15. Qd4+ f6 16. Bg4 Ne5 17. Bh3 Nc6 18. Qa4 Qxa4 19. Nxa4 Rb8 20.
Rfe1 Kf7 21. a3 Ne5 22. b3 g5 23. g3 Nf3+ 
0-1

[Event "Sandnes klubbmesterskap 2017"]
[Site "Ganddal Bydelshus"]
[Date "2017.01.31"]
[Round "6"]
[White "Hegvik, Leif Trygve"]
[Black "Shehzad, Shazil"]
[Result "1-0"]
[WhiteElo "1916"]
[BlackElo "1783"]
[ECO "B23"]
[Opening "Sicilian"]
[Variation "Closed, Grand Prix, 3...g6 4.Nf3 Bg7 5.Bb5 Nd4 6.O-O"]
[TimeControl "300"]
[Termination "normal"]
[PlyCount "85"]
[WhiteType "human"]
[BlackType "human"]

1. e4 c5 2. Nc3 g6 3. f4 Bg7 4. Nf3 Nc6 5. Bb5 Nd4 6. O-O a6 7. Bd3 d6 8.
Rb1 b5 9. b3 e6 10. Nxd4 cxd4 11. Ne2 Ne7 12. Bb2 Qb6 13. Kh1 Bb7 14. a4 b4
15. a5 Qc5 16. Qe1 Nc6 17. f5 gxf5 18. exf5 e5 19. f6 Bh6 20. Ng3 O-O-O 21.
Qe2 Qa7 22. c3 dxc3 23. dxc3 Be3 24. Nf5 Bc5 25. Ne7+ Kb8 26. Rbc1 Qa8 27.
Be4 Nxe7 28. Bxb7 Qxb7 29. fxe7 Qxe7 30. cxb4 Bxb4 31. Rc6 Rd7 32. Qxa6 Ra7
33. Qb5+ Rb7 34. Qd5 Qe6 35. Qd3 Bxa5 36. Ra1 Qxb3 37. Qxd6+ Bc7 38. Rxc7
Rxc7 39. Bxe5 Qb7 40. Bxh8 Kc8 41. Be5 Rd7 42. Rc1+ Qc7 43. Rxc7+ 
1-0

[Event "Sandnes klubbmesterskap 2017"]
[Site "Ganddal Bydelshus"]
[Date "2017.01.31"]
[Round "7"]
[White "Nærland, Tallak U."]
[Black "Hegvik, Leif Trygve"]
[Result "1-0"]
[BlackElo "1916"]
[ECO "D02"]
[Opening "Queen's Pawn"]
[Variation "London"]
[WhiteElo "2042"]
[TimeControl "300"]
[Termination "normal"]
[PlyCount "149"]
[WhiteType "human"]
[BlackType "human"]

1. d4 d5 2. Bf4 Nf6 3. Nf3 Bf5 4. e3 e6 5. c3 c6 6. Nbd2 Nbd7 7. h3 h6 8.
Be2 Be7 9. O-O g5 10. Bg3 g4 11. hxg4 Nxg4 12. Nh2 h5 13. Nxg4 hxg4 14.
Bxg4 Bxg4 15. Qxg4 Nf6 16. Qf3 Bd6 17. e4 Nxe4 18. Nxe4 dxe4 19. Qxe4 Bxg3
20. fxg3 Qd5 21. Qxd5 cxd5 22. Rf4 Ke7 23. Kf2 Rh7 24. Rh4 Rg7 25. Rah1
Rag8 26. R1h3 Rg6 27. Kf3 Rf6+ 28. Rf4 Rfg6 29. Kf2 R6g7 30. Rfh4 Rg6 31.
Rf4 R6g7 32. Rf3 Ke8 33. Rh1 Ke7 34. Rh3 Ke8 35. a4 Ke7 36. Rh1 Kd6 37. Rd1
Rh8 38. b3 Rgh7 39. Ke2 f5 40. c4 b6 41. Rc3 Rh1 42. Rcc1 Rxd1 43. Rxd1 Rg8
44. Rd3 Rg4 45. Kd2 f4 46. Ke2 fxg3 47. Kf3 Re4 48. Kxg3 Re2 49. Kf3 Rc2
50. cxd5 Kxd5 51. g4 e5 52. dxe5+ Kxe5 53. Re3+ Kf6 54. Rd3 Rc1 55. Kf4 Rc6
56. Rd4 Re6 57. Rc4 Rd6 58. b4 a6 59. b5 axb5 60. axb5 Rd1 61. Rc6+ Kg7 62.
Rxb6 Rb1 63. Kf5 Rb4 64. Rb7+ Kf8 65. g5 Rb1 66. g6 Kg8 67. g7 Rb2 68. Kf6
Rf2+ 69. Ke6 Rd2 70. b6 Rd1 71. Rc7 Re1+ 72. Kd5 Rd1+ 73. Ke4 Re1+ 74. Kd3
Kh7 75. b7 1-0

[Event "Sandnes klubbmesterskap 2017"]
[Site "Ganddal Bydelshus"]
[Date "2017.01.31"]
[Round "7"]
[White "Shehzad, Shazil"]
[Black "Myrheim, Håkon Abeland"]
[Result "1/2-1/2"]
[BlackElo "1824"]
[ECO "B01"]
[Opening "Scandinavian"]
[Variation "2...Nf6 3.Bb5+ Bd7 4.Be2 Nxd5 5.d4 Bf5"]
[WhiteElo "1783"]
[TimeControl "300"]
[Termination "normal"]
[PlyCount "81"]
[WhiteType "human"]
[BlackType "human"]

1. e4 d5 2. exd5 Nf6 3. Bb5+ Bd7 4. Be2 Nxd5 5. d4 Bf5 6. a3 e6 7. c4 Nb6
8. Nf3 Be7 9. Nc3 O-O 10. O-O Bf6 11. h3 Nc6 12. Be3 Qd7 13. Qd2 Na5 14.
Rad1 Nbxc4 15. Bxc4 Nxc4 16. Qe2 Nb6 17. Ne5 Qc8 18. g4 Bg6 19. f4 Bxe5 20.
dxe5 h6 21. Qf3 Nc4 22. Bc1 Rd8 23. b3 Rxd1 24. Nxd1 Nb6 25. f5 exf5 26.
gxf5 Bh7 27. Kh2 Qe8 28. Bb2 Qc6 29. Qg3 Qc2+ 30. Rf2 Qxd1 31. e6 g5 32.
Qc3 Kf8 33. Qg7+ Ke7 34. Qxf7+ Kd6 35. e7 Bg8 36. e8=Q Rxe8 37. Qxe8 Bd5
38. Be5+ Kc5 39. Qe7+ Kb5 40. Qb4+ Ka6 41. Qd2 1/2-1/2

[Event "Sandnes klubbmesterskap 2017"]
[Site "Ganddal Bydelshus"]
[Date "2017.01.31"]
[Round "7"]
[White "Jensen, Lars Vognsen"]
[Black "Snerthammer, Daniel"]
[Result "1/2-1/2"]
[BlackElo "1889"]
[ECO "A05"]
[Opening "Reti Opening"]
[Variation "KIA, 3.Bg2 Bg7"]
[WhiteElo "1759"]
[TimeControl "300"]
[Termination "normal"]
[PlyCount "134"]
[WhiteType "human"]
[BlackType "human"]

1. Nf3 Nf6 2. g3 g6 3. Bg2 Bg7 4. Nc3 d5 5. d4 O-O 6. O-O c6 7. Re1 Bg4 8.
Ne5 Bf5 9. Bf4 Nh5 10. Bd2 f6 11. Nd3 e5 12. e4 dxe4 13. Bxe4 Bxe4 14. Nxe4
exd4 15. Ndc5 Qd5 16. Nxb7 Nd7 17. Ned6 Ne5 18. Ne4 f5 19. Ng5 h6 20. f4
hxg5 21. fxe5 Bxe5 22. Bxg5 Rab8 23. Qe2 Rfe8 24. Nd8 Rbxd8 25. Bxd8 Qxd8
26. Qc4+ Qd5 27. Qxd5+ cxd5 28. Rad1 Nf6 29. Rd3 Ne4 30. Kg2 Rc8 31. Re2
Rc6 32. Ra3 a6 33. Ra5 Rd6 34. Kf3 Kf7 35. Kg2 Ke6 36. Kf3 Rb6 37. a3 Nd6
38. g4 f4 39. h4 Nc4 40. Rc5 Nxb2 41. Rc8 Nc4 42. Re8+ Kd6 43. h5 gxh5 44.
gxh5 Ne3 45. Rh2 Rb7 46. Ra8 Rg7 47. Rxa6+ Kc5 48. Rg6 Rxg6 49. hxg6 d3 50.
cxd3 Nf5 51. Rh5 Nd4+ 52. Kf2 Bg7 53. Rh4 Ne6 54. Rh1 Bf6 55. Rb1 Ng5 56.
Rb4 Ne6 57. Kf3 Be5 58. Ra4 Nd4+ 59. Kf2 Nf5 60. Ke2 Ng3+ 61. Kf3 Nf5 62.
Ke2 Ne7 63. Ra6 Kd4 64. Re6 Nf5 65. Kf3 Ng7 66. Re7 Nf5 67. Re6 Ng7 1/2-1/2

[Event "Sandnes klubbmesterskap 2017"]
[Site "Ganddal Bydelshus"]
[Date "2017.01.31"]
[Round "7"]
[White "Økland, Sveinung"]
[Black "Øverås, Vegard"]
[Result "0-1"]
[BlackElo "1886"]
[ECO "A07"]
[Opening "Reti Opening"]
[Variation "KIA, Petrosian Variation"]
[WhiteElo "1847"]
[TimeControl "300"]
[Termination "normal"]
[PlyCount "160"]
[WhiteType "human"]
[BlackType "human"]

1. Nf3 d5 2. g3 Nf6 3. Bg2 Bf5 4. O-O e6 5. d3 c6 6. Nbd2 Nbd7 7. Qe1 Bb4
8. a3 Ba5 9. b4 Bb6 10. Bb2 Qe7 11. e4 Bg6 12. e5 Ng4 13. h3 Nh6 14. g4 O-O
15. Qe2 a5 16. c3 f5 17. exf6 gxf6 18. bxa5 Bxa5 19. Nb3 Bb6 20. Nh4 f5 21.
Nxg6 hxg6 22. Bc1 f4 23. d4 Rae8 24. Qd3 Qf6 25. Bxf4 Qxf4 26. Qxg6+ Kh8
27. g5 Ng8 28. Qh5+ Kg7 29. Rae1 e5 30. Nc1 Qf7 31. Qg4 exd4 32. Rxe8 Rxe8
33. cxd4 Qe6 34. Qh4 Ne7 35. Nd3 Nf5 36. Qf4 Nxd4 37. Bf3 Nxf3+ 38. Qxf3
Ne5 39. Nxe5 Qxe5 40. h4 Bc7 41. Qg2 Rh8 42. Qh3 Qxg5+ 43. hxg5 Rxh3 44.
Rb1 b6 45. Re1 Rf3 46. Re6 c5 47. g6 Rxa3 48. Re7+ Kxg6 49. Rxc7 Rb3 50.
Kf1 Rb2 51. Kg2 d4 52. Kf3 Kf6 53. Ke4 Re2+ 54. Kd3 Re6 55. Rh7 Ke5 56.
Rh5+ Kd6 57. Rh8 Rf6 58. Kc4 Rxf2 59. Rh6+ Kc7 60. Kb5 Rb2+ 61. Kc4 Kb7 62.
Rh7+ Ka6 63. Rh8 Rb4+ 64. Kd3 Kb5 65. Rh5 Rb3+ 66. Kc2 Rg3 67. Kd2 Kc4 68.
Rh4 Rg2+ 69. Kd1 b5 70. Kc1 b4 71. Kb1 Kc3 72. Rh3+ d3 73. Rh1 Kb3 74. Ka1
Ra2+ 75. Kb1 c4 76. Rc1 Rc2 77. Rh1 c3 78. Rh3 Rb2+ 79. Ka1 Ra2+ 80. Kb1
c2+ 0-1